 Dungeon Crawl Stone Soup version 0.31-a0-844-gdc52ec4e09 (webtiles) character file.

Game seed: 8101271084775714604

361 Kurtz the Chopper (level 6, -2/42 HPs)
             Began as an Octopode Fighter on Oct 1, 2023.
             Killed by nerve-wracking pain
             ... invoked by Grinder
              (10 damage)
             ... on level 3 of the Dungeon.
             The game lasted 00:01:17 (1914 turns).

Kurtz the Chopper (Octopode Fighter)                Turns: 1914, Time: 00:01:18

Health: -2/42      AC:  1    Str: 17    XL:     6   Next: 66%
Magic:  6/6        EV: 13    Int: 11    God:
Gold:   155        SH:  4    Dex: 11    Spells: 5/5 levels left

rFire   . . .        a - +0 war axe
rCold   . . .        b - +0 buckler
rNeg    . . .        (helmet restricted)
rPois   .            (no amulet)
rElec   .            (no ring)
rCorr   .            (no ring)
SInv    .            (no ring)
Will    .....        (no ring)
Stlth   ++           (no ring)
HPRegen 0.27/turn    (no ring)
MPRegen 0.10/turn    (no ring)
                     (no ring)

%: no passive effects
@: no status effects
A: almost no armour, amphibious, 8 rings, camouflage 1, gelatinous body 1,
(nimble swimmer 1), tentacles
a: no special abilities


You were on level 3 of the Dungeon.
You visited 1 branch of the dungeon, and saw 3 of its levels.

You collected 155 gold pieces.

Inventory:

Hand Weapons
 a - a +0 war axe (weapon)
 p - a +0 flail of draining
Missiles
 h - 6 curare-tipped darts
Armour
 b - a +0 buckler (worn)
Jewellery
 o - a +5 ring of evasion
Wands
 m - a wand of flame (6)
Scrolls
 d - 5 scrolls of identify {unknown}
 e - a scroll of enchant weapon {unknown}
 f - a scroll of noise {unknown}
 i - a scroll of brand weapon {unknown}
 j - a scroll of revelation {unknown}
 l - a scroll of enchant armour {unknown}
Potions
 c - a potion of might
 g - a potion of degeneration {unknown}
 k - 3 potions of mutation {unknown}
 n - a potion of curing {unknown}
 q - a potion of invisibility {unknown}


   Skills:
 - Level 3.0 Fighting
 * Level 6.9 Axes
 - Level 3.0 Dodging
 - Level 3.0 Shields


You had 5 spell levels left.
You didn't know any spells.
Your spell library contained the following spells:

 Spells                   Type           Power      Damage    Failure   Level
 Freeze                   Ice            0%         1d3       41%         1
 Shock                    Conj/Air       0%         1d3       41%         1
 Frozen Ramparts          Ice            0%         1d1       80%         3
 Hailstorm                Conj/Ice       0%         3d3       80%         3
 Swiftness                Air            0%         N/A       80%         3
 Airstrike                Air            0%         2d(0-16)  99%         4


Dungeon Overview and Level Annotations

Branches:
Dungeon (3/15)

Altars:

Annotations:
D:3 Grinder


Innate Abilities, Weirdness & Mutations

You cannot wear most types of armour.
You are amphibious.
You can wear up to eight rings at the same time.
Your skin changes colour to match your surroundings (Stealth+).
Your rubbery body absorbs attacks. (AC +1, EV +1)
((You are camouflaged when in or above water. (Stealth+)))
You have tentacles for arms and can constrict up to eight enemies at once.


Message History

The quokka bites you.
You completely miss the quokka. You grab the quokka. You constrict the quokka.
The quokka closely misses you. x2
A quokka is nearby!
You barely miss the quokka. You squeeze the quokka.
You kill the quokka!
Found a spear.
No target in view!
You see here a +0 spear.
Found a chain mail.
No target in view!
Grinder comes into view.
Grinder is nearby!
Grinder is nearby!
Grinder hits you.
Grinder is nearby!
You completely miss Grinder. Your grab misses Grinder.
Your squeeze misses Grinder. Grinder hits you.
You writhe in agony.
You slash Grinder! Your grab misses Grinder.
Grinder is moderately wounded.
Grinder hits you!
You writhe in agony.
* * * LOW HITPOINT WARNING * * *
Grinder is nearby!
You are too injured to fight recklessly!
You are too injured to fight recklessly!
You are too injured to fight recklessly!
Unknown command.
Okay, then.
You hit Grinder. You grab Grinder.
Grinder is heavily wounded.
You constrict Grinder, but do no damage.
Grinder hits you.
* * * LOW HITPOINT WARNING * * *
You slash Grinder!
Grinder is almost dead.
You constrict Grinder. Grinder gestures at you. Pain shoots through your body!
You die...
Grinder says, "Now the real fun starts!"

#.....####..#...#####.###.##
#.#.### #.#.##.# #.......
##.## #.####.# #.###.## #.#
#.# #.# ###..##.##
#.#######.####.# #.........
#.##........##.###..P.....#
#.##.####...........#######
#.##.# #...##.##...#.)'..'
#.##.####.@###.##...#..#..#
#.#.......5.......#.#######
#........#.###.#..#........
###..###.#.. .....#........
#..# #.... .....#.P####..
#..# #######.#.##..# #..
#..# ..#. +.P #..# ..####..
#..# ........


You could see Grinder.

Vanquished Creatures
  Sigmund (D:2)
  A scorpion (D:2)
  An orc wizard (D:3)
  Robin (D:2)
  3 adders
  A worm (D:2)
  A dart slug (D:1)
  5 orcs (D:3)
  4 ball pythons
  9 bats
  6 endoplasms
  2 giant cockroaches (D:1)
  13 goblins
  6 hobgoblins
  5 kobolds
  A quokka (D:3)
  5 frilled lizards (D:2)
  7 rats
72 creatures vanquished.

Notes
Turn   | Place    | Note
-------+----------+-------------------------------------------
     0 | D:1      | Kurtz the Octopode Fighter began the quest for the Orb.
     0 | D:1      | Reached XP level 1. HP: 16/16 MP: 1/1
   105 | D:1      | Reached XP level 2. HP: 19/21 MP: 2/2
   118 | D:1      | Reached skill level 3 in Axes
   243 | D:2      | Noticed Robin
   248 | D:2      | Reached XP level 3. HP: 13/26 MP: 3/3
   780 | D:2      | Reached skill level 4 in Axes
   786 | D:2      | Killed Robin
   787 | D:2      | Reached XP level 4. HP: 29/31 MP: 4/4
   843 | D:2      | Noticed a scorpion
   852 | D:2      | Killed a scorpion
   853 | D:2      | Reached skill level 5 in Axes
   853 | D:2      | Reached XP level 5. HP: 33/36 MP: 5/5
  1240 | D:2      | Noticed Sigmund
  1246 | D:2      | Killed Sigmund
  1247 | D:2      | Reached skill level 6 in Axes
  1247 | D:2      | Reached XP level 6. HP: 42/42 MP: 6/6
  1907 | D:3      | Noticed Grinder
  1914 | D:3      | Killed from afar by Grinder

Illustrated notes

Levels and vault maps discovered:
D:1:      dpeg_arrival_leaves_temple_mockup, layout_rooms, minmay_crystal_room
D:2:      layout_basic, kennysheep_nub, grunt_ministairs_10,
          kennysheep_cluttered_room, minmay_lizard_pond, uniq_robin,
          uniq_sigmund
D:3:      corexii_shack_village, layout_loops_ring, uniq_grinder

Skill      XL: |  1  2  3  4  5 |
---------------+----------------+-----
Axes           | 3 4 5 6 |  6.9
Fighting       | |  3.0
Dodging        | |  3.0
Shields        | |  3.0

Action                     |  1- 3 |  4- 6 || total
---------------------------+-------+-------++-------
  Melee: War axe           |    59 |    54 ||   113
         Constrict         |    10 |    17 ||    27
         Tentacles         |     9 |     9 ||    18
         Punch             |       |     1 ||     1
   Stab: Sleeping          |     5 |     5 ||    10
 Armour: Skin              |    29 |    22 ||    51
  Dodge: Dodged            |    40 |    28 ||    68
  Block: Buckler           |    12 |     7 ||    19

Table legend: (Time is in decaauts)
 A = Elapsed time spent in this place.
 B = Non-inter-level travel time spent in this place.
 C = Inter-level travel time spent in this place.
 D = Time resting spent in this place.
 E = Time spent auto-exploring this place.
 F = Levels seen in this place.
 G = Mean time per level.
                   A        B        C        D        E       F      G
               +--------+--------+--------+--------+--------+-----+--------+
         Total |   1948 |   1849 |     99 |    157 |   1300 |   3 |  649.3 |
       Dungeon |   1948 |   1849 |     99 |    157 |   1300 |   3 |  649.3 |
               +--------+--------+--------+--------+--------+-----+--------+

Top non-repeatable levels by time:
     D:2: 793 daAuts
     D:1: 707 daAuts
     D:3: 447 daAuts
